 Dungeon Crawl Stone Soup version 0.31-a0-799-g6bc09d010c (webtiles) character file.

Game seed: 6226233638709368446

15 cforsyth the Sneak (level 2, -6/25 HPs)
             Began as a Djinni Delver on Sept 20, 2023.
             Mangled by a water moccasin (8 damage)
             ... in a sewer.
             The game lasted 00:02:29 (475 turns).

cforsyth the Sneak (Djinni Delver)                   Turns: 475, Time: 00:02:29

Health: -6/25      AC:  3    Str: 11    XL:     2   Next: 65%
Gold:   62         EV: 12    Int: 11    God:
                   SH:  0    Dex: 14

rFire   + + .        a - +0 falchion
rCold   x . .        (no shield)
rNeg    . . .        b - +0 leather armour
rPois   ∞            (no helmet)
rElec   .            (no cloak)
rCorr   .            (no gloves)
SInv    .            (boots unavailable)
Will    .....        (no amulet)
Stlth   ++           (no ring)
HPRegen 0.24/turn    (no ring)
MPRegen 0.00/turn

%: infuse magic (-7 HP)
@: brilliant, flying
A: sickness immunity, fire resistance 2, cold vulnerability 1, float, innate
caster, HP casting, extra vitality 1
a: no special abilities


You were in a sewer.
You visited 1 branch of the dungeon, and saw 2 of its levels.
You also visited: Sewer.

You collected 62 gold pieces.

Inventory:

Hand Weapons
 a - a +0 falchion (weapon)
Armour
 b - a +0 leather armour (worn)
Wands
 g - a wand of digging (2)
Scrolls
 c - a scroll of fog
 e - a scroll of summoning {unknown}
 f - a scroll of teleportation {unknown}


   Skills:
 + Level 3.4 Fighting
 - Level 1.7 Long Blades
 - Level 2.1 Dodging
 - Level 4.1 Stealth
 + Level 1.0 Spellcasting
 + Level 1.0 Conjurations
 + Level 1.0 Hexes
   Level 0.0 Charms
 + Level 1.0 Summonings
 + Level 1.0 Necromancy
 + Level 1.0 Translocations
 + Level 1.0 Transmutations
 + Level 1.0 Fire Magic
 + Level 1.0 Ice Magic
 + Level 1.0 Air Magic
 + Level 1.0 Earth Magic
 + Level 1.0 Poison Magic You didn't know any spells. Your spell library was empty.

Dungeon Overview and Level Annotations

Branches:
Dungeon (5/15)             Temple (0/1) D:5           Sewer (1/1)

Altars:


Innate Abilities, Weirdness & Mutations

You are immune to sickness and miasma.
You are immune to poison.
Your flesh is very heat resistant. (rF++)
You are vulnerable to cold. (rC-)
You float through the air rather than walking.
You learn spells naturally, not from books.
Your magical power is your life essence.
You have superior vitality. (+4 MHP)


Message History

No target in view!
No target in view!
No target in view!
e - a scroll labelled NAIMAT HIOCS
f - a scroll labelled DETHRE HAKE A water moccasin comes into view.
Found 27 gold pieces and a murky cyan potion.
A water moccasin is nearby!
Okay, then.
You don't know any spells.
Okay, then.
Okay, then.
Found 23 gold pieces and a runed mace.
Found 15 gold pieces and a flail.
You now have 62 gold pieces (gained 23).
You see here a +2 mace of holy wrath.
You see here a +0 flail.
The water moccasin barely misses you.
You hit the water moccasin but do no damage.
The water moccasin barely misses you. The water moccasin bites you.
You closely miss the water moccasin. Your punch misses the water moccasin.
The water moccasin barely misses you.
You hit the water moccasin.
The water moccasin is moderately wounded.
The water moccasin completely misses you.
The water moccasin bites you.
You hit the water moccasin.
The water moccasin is heavily wounded.
The water moccasin bites you! The water moccasin misses you.
You hit the water moccasin.
The water moccasin is heavily wounded.
The water moccasin closely misses you.
You hit the water moccasin.
The water moccasin is heavily wounded.
The water moccasin bites you. The water moccasin bites you!
* * * LOW HITPOINT WARNING * * *
It was a potion of brilliance.
You feel clever all of a sudden. The water moccasin bites you!
You die...

########
###......### ####
###.....~....####))#
#.~...####~~...##..#
....### ###~.~.@###
..~## ##~...S.#
~...### ###....~###
#.~~~.####.~..~##~$#
###..~~..~...### $!#
###.~..~.### ###
########


You could see a water moccasin.

Vanquished Creatures
  An adder (D:4)
  A goblin (D:4)
  2 jackals (Sewer)
  A quokka (D:4)
  A ball python (D:4)
6 creatures vanquished.

Notes
Turn   | Place    | Note
-------+----------+-------------------------------------------
     0 | D:5      | cforsyth the Djinni Delver began the quest for the Orb.
     0 | D:5      | Reached XP level 1. HP: 20/20 MP: 0/0
    19 | D:5      | Noticed an iguana
    20 | D:5      | Noticed an ogre
    20 | D:5      | Noticed a wight
    23 | D:5      | Noticed a scorpion
    62 | D:5      | Found a staircase to the Ecumenical Temple.
   128 | D:5      | Noticed an iguana
   129 | D:5      | Noticed an iguana
   159 | D:5      | Noticed a water moccasin
   160 | D:5      | Noticed a hound
   160 | D:5      | Noticed a hound
   160 | D:5      | Noticed an orc priest
   272 | D:4      | Noticed an iguana
   297 | D:4      | Noticed an orc priest
   329 | D:4      | Reached XP level 2. HP: 15/25 MP: 0/0
   353 | D:4      | Found a glowing drain.
   360 | Sewer    | Entered a sewer
   388 | Sewer    | Reached skill level 1 in Spellcasting
   388 | Sewer    | Reached skill level 1 in Conjurations
   388 | Sewer    | Reached skill level 1 in Hexes
   388 | Sewer    | Reached skill level 1 in Summonings
   388 | Sewer    | Reached skill level 1 in Necromancy
   388 | Sewer    | Reached skill level 1 in Translocations
   388 | Sewer    | Reached skill level 1 in Transmutations
   388 | Sewer    | Reached skill level 1 in Fire Magic
   388 | Sewer    | Reached skill level 1 in Ice Magic
   388 | Sewer    | Reached skill level 1 in Air Magic
   388 | Sewer    | Reached skill level 1 in Earth Magic
   388 | Sewer    | Reached skill level 1 in Poison Magic
   435 | Sewer    | Noticed a water moccasin
   475 | Sewer    | Mangled by a water moccasin

Illustrated notes

Levels and vault maps discovered:
D:4:      layout_cave_pools, gup_sewer_entry_bubbles, serial_column_ruins,
          column_ruins_hut_water, column_ruins_hut_water,
          column_ruins_open_small, column_ruins_corridor_straight,
          column_ruins_corridor_straight, column_ruins_grid_3,
          column_ruins_corridor_corner
D:5:      layout_rooms, minmay_temple_entry_mist, serial_demonic,
          serial_demonic_g, serial_demonic_b, serial_demonic_f,
          serial_demonic_f, serial_demonic_b, serial_demonic_e,
          nicolae_hexahallways, kennysheep_opposing_triangles, uniq_sigmund,
          uniq_blork_the_orc
Sewer:    sewer_the_moccasin

Skill      XL: |  1  2 |
---------------+-------+-----
Spellcasting   | 1 |  1.0
Conjurations   | 1 |  1.0
Hexes          | 1 |  1.0
Summonings     | 1 |  1.0
Necromancy     | 1 |  1.0
Translocations | 1 |  1.0
Transmutations | 1 |  1.0
Fire Magic     | 1 |  1.0
Ice Magic      | 1 |  1.0
Air Magic      | 1 |  1.0
Earth Magic    | 1 |  1.0
Poison Magic   | 1 |  1.0
Fighting       | |  3.4
Long Blades    | |  1.7
Dodging        | |  2.1
Stealth        | |  4.1

Action                     || total
---------------------------++-------
  Melee: Falchion          ||    36
         Punch             ||     1
  Evoke: Wand              ||     1
    Use: Scroll            ||     3
         Potion            ||     2
   Stab: Sleeping          ||     1
 Armour: Leather armour    ||    27
  Dodge: Dodged            ||    37

Table legend: (Time is in decaauts)
 A = Elapsed time spent in this place.
 B = Non-inter-level travel time spent in this place.
 C = Inter-level travel time spent in this place.
 D = Time resting spent in this place.
 E = Time spent auto-exploring this place.
 F = Levels seen in this place.
 G = Mean time per level.
                   A        B        C        D        E       F      G
               +--------+--------+--------+--------+--------+-----+--------+
         Total |    464 |    464 |      0 |     72 |    114 |   3 |  154.7 |
       Dungeon |    347 |    347 |      0 |     72 |     55 |   2 |  173.5 |
         Sewer |    117 |    117 |      0 |      0 |     59 |   1 |  117.0 |
               +--------+--------+--------+--------+--------+-----+--------+

Top non-repeatable levels by time:
     D:4: 183 daAuts
     D:5: 163 daAuts
   Sewer: 117 daAuts
